 Dungeon Crawl Stone Soup version 0.27-a0-1181-g5f64966fcc (webtiles) character file.

Game seed: 4344282125286721495

9153 robertstho the Protected (level 11, -4/142 (151) HPs)
             Began as a Minotaur Berserker on May 17, 2021.
             Was a High Priest of Trog.
             Slain by a large abomination (31 damage)
             ... on level 3 of the Abyss.
             The game lasted 00:14:18 (10871 turns).

robertstho the Protected (Minotaur Berserker)      Turns: 10871, Time: 00:14:18

HP:   -4/142 (151)  AC: 17    Str: 23    XL:     11   Next: 19%
MP:   10/10         EV:  7    Int:  8    God:    Trog [*****.]
Gold: 610           SH: 11    Dex: 11    Spells: 10/10 levels left

rFire    . . .     SeeInvis .   B - +3 war axe "Pyiqiont" {drain, rElec rF+ Int+3}
rCold    + + .     Faith    .   p - +0 kite shield
rNeg     . . .     Spirit   .   L - +1 plate armour {rC+}
rPois    +         Reflect  .   (helmet restricted)
rElec    +         Harm     .   (no cloak)
rCorr    .         Rampage  .   (no gloves)
Will     .....                  c - +0 pair of boots
Stlth    ..........             (no amulet)
HPRegen  0.33/turn              f - ring of ice
MPRegen  0.12/turn              q - ring of poison resistance

@: berserking (expiring), slowed, drained
A: horns 2, retaliatory headbutt
a: Renounce Religion, Berserk, Trog's Hand, Brothers in Arms


You were on level 3 of the Abyss.
You worshipped Trog.
Trog was extremely pleased with you.
You visited 1 branch of the dungeon, and saw 10 of its levels.
You visited the Abyss 1 time.
You also visited: Ossuary.

You collected 610 gold pieces.

Inventory:

Hand Weapons
 t - the +9 mace "Goblinslayer" {antimagic, rC+ Will+}
   (You found it on level 5 of the Dungeon)

   It reduces the magical energy of the wielder, and disrupts the spells and
   magical abilities of those hit.
   Natural abilities and divine invocations are not affected.
   It protects you from cold.
   It increases your willpower.
 w - a +0 war axe of flaming
 B - the +3 war axe "Pyiqiont" (weapon) {drain, rElec rF+ Int+3}
   (You found it on level 7 of the Dungeon)

   A truly terrible weapon, it drains the life of those it strikes.
   It affects your intelligence (+3).
   It protects you from fire.
   It insulates you from electricity.
Missiles
 a - 2 atropa-tipped darts
 o - 2 throwing nets
 s - 7 curare-tipped darts
Armour
 c - a +0 pair of boots (worn)
 p - a +0 kite shield (worn)
 L - a +1 plate armour of cold resistance (worn)
Jewellery
 f - a ring of ice (left hand)
 q - a ring of poison resistance (right hand)
 z - a ring of willpower
Wands
 k - a wand of flame (19)
 y - a wand of iceblast (23)
Scrolls
 b - 2 scrolls of noise {unknown}
 d - 7 scrolls of teleportation {unknown}
 e - 5 scrolls of blinking {unknown}
 g - a scroll of immolation {unknown}
 h - 2 scrolls of enchant weapon {unknown}
 i - a scroll of enchant armour {unknown}
 l - 2 scrolls of brand weapon {unknown}
 r - 2 scrolls of identify
 v - 3 scrolls of fear
 C - 2 scrolls of holy word {unknown}
 D - 3 scrolls of magic mapping {unknown}
 I - a scroll of vulnerability {unknown}
Potions
 j - 2 potions of flight
 m - 6 potions of degeneration {unknown}
 n - a potion of might
 u - 2 potions of haste {unknown}
 x - a potion of mutation {unknown}
 A - 10 potions of ambrosia
 E - a potion of heal wounds {unknown}
 F - 2 potions of curing
 G - 3 potions of brilliance {unknown}
 H - 3 potions of cancellation {unknown}
 J - a potion of lignification {unknown}
 K - a potion of berserk rage {unknown}


   Skills:
 * Level 10.7 Fighting
 + Level 11.4 Axes
 * Level 11.5 Armour
 + Level 3.1 Dodging
 + Level 1.1 Stealth
 + Level 8.5 Shields


You had 10 spell levels left.
You didn't know any spells.
Your spell library was empty.

Dungeon Overview and Level Annotations

Branches:
Dungeon (10/15)            Temple (0/1) D:4         Ossuary (visited)
   Lair: D:8-11         Orc: D:9-12

Altars:
Uskayaw

Shops:
D:3 [   D:10 (

Annotations:
D:10 Sobieck's ghost, journeyman KoCj


Innate Abilities, Weirdness & Mutations

You have a pair of horns on your head.
You reflexively headbutt those who attack you in melee.


Message History

* * * LOW HITPOINT WARNING * * *
You feel drained.
* * * LOW HITPOINT WARNING * * *
You slice something!! You headbutt something.
Something touches you but does no damage.
You barely miss something.
You hear some strange, mumbled words.
Something tries to affect you, but you resist.
A large abomination comes into view.
You slash something! Your headbutt misses something. Something touches you.
* * * LOW HITPOINT WARNING * * *
You slash something!
You hear some strange, mumbled words.
You feel as though you will be slow longer.
You closely miss something. You headbutt something! Something touches you.
* * * LOW HITPOINT WARNING * * *
You feel drained.
* * * LOW HITPOINT WARNING * * *
You slash something! You headbutt something.
You closely miss the large abomination.
You block the large abomination's attack.
Something touches you.
* * * LOW HITPOINT WARNING * * *
You feel drained.
* * * LOW HITPOINT WARNING * * *
You completely miss the large abomination.
You closely miss something. The large abomination hits you!
* * * LOW HITPOINT WARNING * * *
You hear some strange, mumbled words.
You feel as though you will be slow longer.
Unknown command.
You closely miss something. You slash the large abomination!
The large abomination hits you but does no damage.
You hear some strange, mumbled words.
You feel as though you will be slow longer.
Unknown command.
You hit the large abomination.
The large abomination is moderately damaged.
You closely miss something. The large abomination hits you!!
You die...

# ## . . .
#. .. .
#........#
## .
#..###. #.+
# #
##.....#..
# #
#.#..... .
.. #X{## #
..# .. #@.#
# #
.###.#...##
#.##...
#.##.+ ###
...##. ## #
# . ## . .
##.' + . ##
# .. # '# .
.. .#. #.#
# . . . . .
# ...... .#
.#


You could see a large abomination.

Vanquished Creatures
  Harold (D:8)
  Erica (D:8)
  3 starcursed masses (Abyss:3)
  5 centaur zombies
  Joseph (D:7)
  Psyche (D:8)
  A queen bee (D:10)
  A hornet (D:9)
  A meliai zombie (D:10)
  The ghost of pigah the Cutter, an amateur OpWn of Gozag (D:4)
  A wraith (D:9)
  A shadow (D:8)
  2 wyverns
  A chaos spawn (Abyss:3)
  An acid dragon (D:10)
  A water moccasin (D:8)
  3 orc warriors
  A black bear (D:5)
  An ice beast (D:5)
  A necrophage (D:6)
  An ogre (D:7)
  2 centaurs
  A phantom (D:6)
  3 kobold brigands
  A bullfrog (D:6)
  A scorpion (D:5)
  A wyvern skeleton (D:6)
  A small abomination (Abyss:3)
  A water moccasin zombie (D:5)
  22 killer bees (D:10)
  14 wights
  2 howler monkeys (D:10)
  2 lava snakes (D:7)
  An orc priest (D:5)
  A jelly (D:4)
  6 hounds
  A centaur skeleton (D:6)
  A human zombie (Ossuary)
  2 gnoll shamans
  A scorpion zombie (D:5)
  3 iguanas (D:6)
  An orc wizard (D:9)
  A hound skeleton (D:5)
  2 mummies (Ossuary)
  Robin (D:2)
  9 gnolls
  9 adders
  A shadow imp (D:7)
  5 white imps
  2 ufetubi
  2 adder zombies (Ossuary)
  An adder skeleton (D:4)
  A worm (D:3)
  A dart slug (D:1)
  10 orcs
  9 endoplasms
  3 giant cockroaches
  17 hobgoblins
  6 jackals
  26 kobolds
  2 quokkas (D:4)
  5 ball pythons
  7 bats
  A frilled lizard (D:3)
  10 goblins
  2 goblin zombies (Ossuary)
  11 hobgoblin zombies (Ossuary)
  3 jackal zombies (Ossuary)
  6 kobold zombies (Ossuary)
  9 orc zombies (Ossuary)
  2 rats (D:1)
  2 rat zombies (Ossuary)
264 creatures vanquished.

Vanquished Creatures (collateral kills)
  A wraith (D:10)
  An orc warrior (D:10)
  6 killer bees (D:10)
  A howler monkey (D:10)
  An orc wizard (D:10)
  3 orcs (D:10)
13 creatures vanquished.

Vanquished Creatures (others)
  2 withered plants (D:10)
2 creatures vanquished.

Grand Total: 279 creatures vanquished

Notes
Turn   | Place    | Note
-------+----------+-------------------------------------------
     0 | D:1      | robertstho the Minotaur Berserker began the quest for the
                  | Orb.
     0 | D:1      | Reached XP level 1. HP: 19/19 MP: 0/0
    87 | D:1      | You fall into a shaft and drop 1 floor!
    87 | D:2      | Found a faded altar of an unknown god.
   100 | D:2      | Reached XP level 2. HP: 24/27 MP: 1/1
   556 | D:1      | Reached XP level 3. HP: 33/33 MP: 2/2
   574 | D:1      | Reached ** piety under Trog
  1582 | D:2      | Noticed Robin
  1603 | D:2      | Killed Robin
  1604 | D:2      | Reached XP level 4. HP: 39/41 MP: 3/3
  2049 | D:3      | Reached skill level 5 in Axes
  2344 | D:3      | Found Heitaste's Armour Boutique.
  2783 | D:4      | Reached XP level 5. HP: 47/47 MP: 4/4
  2860 | D:4      | Found a runed translucent gate.
  2860 | D:4      | Found a runed translucent gate.
  2861 | D:4      | Found a runed translucent gate.
  2861 | D:4      | Noticed pigah's ghost (amateur OpWn)
  2937 | D:4      | Reached *** piety under Trog
  2984 | D:4      | Found a staircase to the Ecumenical Temple.
  3126 | D:4      | Reached skill level 1 in Shields
  3134 | D:4      | Reached XP level 6. HP: 23/55 MP: 5/5
  3735 | D:4      | Reached skill level 5 in Fighting
  3735 | D:4      | Reached skill level 5 in Armour
  3741 | D:4      | Killed pigah's ghost
  3742 | D:4      | Reached XP level 7. HP: 61/61 MP: 6/6
  3809 | D:5      | Entered Level 5 of the Dungeon
  4161 | D:5      | Reached **** piety under Trog
  4162 | D:5      | Reached XP level 8. HP: 45/70 MP: 7/7
  4409 | D:5      | Identified the +9 mace "Goblinslayer" {antimagic, rC+
                  | Will+}
  5953 | D:6      | Reached skill level 5 in Shields
  6258 | D:7      | Reached XP level 9. HP: 35/76 MP: 8/8
  6649 | D:7      | Noticed Joseph
  6663 | D:7      | Killed Joseph
  7295 | D:7      | Identified the +3 war axe "Pyiqiont" {drain, rElec rF+
                  | Int+3}
  7373 | D:8      | Noticed Harold
  7381 | D:8      | Killed Harold
  7464 | D:8      | Noticed Psyche
  7472 | D:8      | Killed Psyche
  7499 | D:8      | Found a sand-covered staircase.
  7500 | D:8      | Noticed Erica
  7507 | D:8      | Paralysed by Erica for 5 turns
  7515 | D:8      | Paralysed by something for 3 turns
  7531 | D:8      | Killed Erica
  7532 | D:8      | Reached skill level 10 in Armour
  7532 | D:8      | Reached XP level 10. HP: 22/91 MP: 9/9
  7543 | Ossuary  | Entered an ossuary
  7873 | Ossuary  | Reached ***** piety under Trog
  8034 | D:8      | Reached skill level 10 in Axes
  9258 | D:9      | Reached skill level 10 in Fighting
  9885 | D:10     | Entered Level 10 of the Dungeon
 10049 | D:10     | Found a hide-covered altar of Uskayaw.
 10071 | D:10     | Found a runed translucent door.
 10180 | D:10     | Reached XP level 11. HP: 31/101 MP: 10/10
 10504 | D:10     | Found Omuola's Weapon Boutique.
 10608 | D:10     | Noticed Sobieck's ghost (journeyman KoCj)
 10769 | D:10     | Cast into level 3 of the Abyss (Sobieck's ghost)
 10769 | Abyss:3  | Found a corrupted altar of Lugonu.
 10807 | Abyss:3  | Noticed a starcursed mass
 10822 | Abyss:3  | Reached skill level 1 in Stealth
 10828 | Abyss:3  | Killed a starcursed mass
 10830 | Abyss:3  | Killed a starcursed mass
 10831 | Abyss:3  | Killed a starcursed mass
 10850 | Abyss:3  | Noticed a lich
 10864 | Abyss:3  | Noticed a large abomination
 10871 | Abyss:3  | Slain by a large abomination

Illustrated notes

Levels and vault maps discovered:
D:1:      psy_arrival_spokes, layout_basic
D:2:      layout_loops_cross, hellmonk_ecumenical_altar_arch_garden,
          kennysheep_generic_room_10, uniq_robin
D:3:      layout_loops_cross, serial_shops, nicolae_shop_crystal
D:4:      layout_gridville, minmay_temple_entry_ruins,
          gammafunk_ghost_nasty_kobolds
D:5:      layout_layer_cave, serial_glass, glass_columns_a, glass_columns_a,
          glass_columns_c, glass_columns_b
D:6:      layout_layer_cave
D:7:      layout_cave_pools, st_stairs_14, grunt_decor_junction, uniq_joseph
D:8:      layout_cave_pods, enter_ossuary_1, uniq_erica, uniq_harold,
          uniq_psyche
D:9:      layout_stronghold
D:10:     layout_cave_pools, lemuel_crystal_altar, serial_shops,
          nicolae_shop_stone, gammafunk_ghost_grave, special_room
          [special_room_bee]
Abyss:3:  base: D:4, serial_sigils_hangedman_shear, minivault_24,
          evilmike_abyss_exit_16, evilmike_abyss_exit_16,
          hangedman_abyss_rune_macabre_mess

Skill      XL: |  1  2  3  4  5  6  7  8  9 10 11 |
---------------+----------------------------------+-----
Axes           | 4 5 6 7 8 9 11 | 11.4
Fighting       | 4 5 6 7 9 10 | 10.7
Armour         | 3 4 5 6 8 10 11 | 11.5
Shields        | 1 2 3 5 7 8 |  8.5
Dodging        | 3 |  3.1
Stealth        | 1 |  1.1

Action                   |  1- 3 |  4- 6 |  7- 9 | 10-12 || total
-------------------------+-------+-------+-------+-------++-------
Melee: Hand axe          |    87 |   140 |   203 |       ||   430
       Headbutt          |    16 |    30 |    54 |    37 ||   137
       War axe           |       |       |    15 |   213 ||   228
Invok: Berserk           |     1 |     4 |     8 |     5 ||    18
       Trog's Hand       |       |       |     1 |     1 ||     2
       Brothers in Arms  |       |       |       |     1 ||     1
  Use: Scroll            |       |       |     4 |       ||     4
       Potion            |       |       |     3 |       ||     3
 Stab: Invisible         |       |       |     1 |       ||     1
Armor: Chain mail        |    45 |    78 |       |       ||   123
       Plate armour      |       |    16 |   151 |   134 ||   301
Dodge: Dodged            |    42 |    36 |    57 |    69 ||   204
Block: Kite shield       |       |    64 |   129 |   151 ||   344

Table legend: (Time is in decaauts)
 A = Elapsed time spent in this place.
 B = Non-inter-level travel time spent in this place.
 C = Inter-level travel time spent in this place.
 D = Time resting spent in this place.
 E = Time spent auto-exploring this place.
 F = Levels seen in this place.
 G = Mean time per level.
                   A        B        C        D        E       F      G
               +--------+--------+--------+--------+--------+-----+--------+
         Total |  11175 |  10823 |    352 |    832 |   8238 |  12 |  931.2 |
       Dungeon |  10616 |  10264 |    352 |    820 |   7942 |  10 | 1061.6 |
         Abyss |    119 |    119 |      0 |     12 |     29 |   1 |  119.0 |
       Ossuary |    439 |    439 |      0 |      0 |    266 |   1 |  439.0 |
               +--------+--------+--------+--------+--------+-----+--------+

Top non-repeatable levels by time:
     D:6: 1765 daAuts
     D:9: 1359 daAuts
     D:4: 1319 daAuts
     D:1: 1070 daAuts
     D:2: 994 daAuts
     D:5: 967 daAuts
     D:8: 909 daAuts
     D:7: 817 daAuts
    D:10: 794 daAuts
     D:3: 618 daAuts
 Ossuary: 439 daAuts
 Abyss:3: 119 daAuts
